 Dungeon Crawl Stone Soup version 0.14.1-9-g552248a (webtiles) character file.

10189 Indrah22 the Arsonist (level 11, 0/91 HPs)
             Began as a Kobold Fire Elementalist on May 25, 2014.
             Was a High Priest of Sif Muna.
             Incinerated by Dadi's ghost (2 damage)
             ... with a sticky flame
             ... in a labyrinth on May 26, 2014.
             The game lasted 01:44:41 (16109 turns).

Indrah22 the Arsonist (Kobold Fire Elementalist)   Turns: 16109, Time: 01:44:41

HP   0/91        AC 26     Str  8      XL: 11   Next: 77%
MP  20/27        EV  1     Int 16      God: Sif Muna [*****.]
Gold 606         SH  0     Dex 16      Spells:  9 memorised,  1 level left

rFire  . . .     SeeInvis .     s - +4,+3 short sword (venom)
rCold  + . .     Clarity  .     a - melded +0 robe
rNeg   + + +     Conserve .     (no shield)
rPois  +         rCorr    .     G - +0 helmet
rElec  .         rRot     .     i - melded +1 cloak
SustAb . .       Spirit   .     b - melded +2 pair of gloves {archer}
rMut   .         Warding  .     (boots currently unavailable)
Saprov + + .     NoTele   +     (no amulet)
MR     .....                    T - ring of wizardry
                                y - ring of protection from cold

@: tree-form, liquid flames, repel missiles, shrouded, glowing, not resistant to
hostile enchantments, fairly stealthy
A: disease resistance, carnivore 3, saprovore 2
a: Channel Energy, Forget Spell, Renounce Religion


You were in a labyrinth.
You worshipped Sif Muna.
Sif Muna was extremely pleased with you.
You were not hungry.
You were an animated tree.
You visited 2 branches of the dungeon, and saw 12 of its levels.
You also visited: Labyrinth.

You collected 606 gold pieces.

Inventory:

Hand weapons
 n - a +0,+0 sling
 s - a +4,+3 short sword of venom (weapon)
 u - a +0,+0 cutlass
 V - a +0,+1 dagger of venom
Missiles
 h - 27 sling bullets
 j - 50 poisoned needles
 r - 14 bolts of frost
 C - 9 darts of dispersal
 D - 3 darts of frost
 I - 12 tomahawks (quivered)
 N - 8 darts of flame
 P - 21 steel darts
Armour
 a - a +0 robe (melded)
 b - a +2 pair of gloves of archery (melded)
 i - a +1 cloak (melded)
 v - a troll hide
 z - a +1 pair of gloves
 G - a +0 helmet (worn)
Magical devices
 Q - a wand of digging (10)
 S - a wand of flame (5)
Comestibles
 c - a meat ration
 F - a rotting chunk of orc flesh
Scrolls
 f - a scroll of immolation
 o - a scroll of vulnerability {unknown}
 E - a scroll of fog
 R - a scroll of amnesia
 U - 2 scrolls of enchant weapon I
Jewellery
 g - a cursed amulet of resist corrosion {unknown}
 l - an uncursed ring of sustain abilities {unknown}
 m - an uncursed ring of teleportation
 y - a ring of protection from cold (left branch)
 J - an uncursed ring of protection from cold
 L - an uncursed amulet of stasis
 O - an uncursed amulet of conservation {unknown}
 T - a ring of wizardry (right branch)
Potions
 e - 4 potions of restore abilities
 q - a potion of cure mutation {unknown}
 w - a potion of degeneration {unknown}
 x - 3 potions of flight
 K - 2 potions of invisibility
 W - a potion of agility {unknown}
Magical staves
 B - an uncursed staff of air


   Skills:
 - Level 4.0 Fighting
 - Level 8.1 Short Blades
 - Level 1.5 Throwing
 - Level 2.5 Dodging
 - Level 5.4 Stealth
 - Level 8.1 Spellcasting
 - Level 4.0 Conjurations
 - Level 3.0 Hexes
 - Level 5.0 Charms
 - Level 3.6 Translocations
 + Level 9.2 Fire Magic
 - Level 2.2 Air Magic
 - Level 2.9 Invocations


You had one spell level left.
You knew the following spells:

 Your Spells              Type           Power        Failure   Level  Hunger
a - Flame Tongue          Conj/Fire      ####.        1%          1    N/A
b - Inner Flame           Hex/Fire       ####....     1%          3    N/A
c - Conjure Flame         Conj/Fire      ####....     1%          3    N/A
d - Sticky Flame          Conj/Fire      ####....     4%          4    N/A
e - Repel Missiles        Chrm/Air       ###...       1%          2    N/A
f - Shroud of Golubria    Chrm/Tloc      ###.......   1%          2    N/A
g - Regeneration          Chrm/Necr      ##........   4%          3    N/A
s - Fireball              Conj/Fire      ####......   9%          5    N/A
x - Throw Flame           Conj/Fire      ####..       1%          2    N/A

Dungeon Overview and Level Annotations

Branches:
Dungeon (11/15)            Temple (1/1) D:6             Orc (0/4) D:9
   Lair: D:8-11

Altars:
Cheibriados
Dithmenos
Makhleb
Okawaru
Sif Muna
Trog
Yredelemnul
Zin
The Shining One

Shops:
D:10 :

Annotations:
D:3 Grinder
D:5 Dowan Lab Dadi's ghost, powerful DECj


Innate Abilities, Weirdness & Mutations

You recuperate from illness quickly.
You are small and have problems with some larger weapons.
You are carnivorous and can eat meat at any time.
You can eat rotten meat.


Message History

Dadi's ghost is almost destroyed.
You are covered in liquid flames!
* * * LOW HITPOINT WARNING * * *
Dadi's ghost points at you and mumbles some strange words.
The magic dart hits you!
You hit Dadi's ghost but do no damage.
Dadi's ghost is almost destroyed.
You are covered in liquid flames!
Your scroll of remove curse catches fire!
* * * LOW HITPOINT WARNING * * *
Dadi's ghost hits you but does no damage.
You hit Dadi's ghost but do no damage.
Dadi's ghost is almost destroyed.
You are covered in liquid flames!
* * * LOW HITPOINT WARNING * * *
It'd take too long for a potion to reach your roots.
You hit Dadi's ghost but do no damage.
Dadi's ghost is almost destroyed.
You are covered in liquid flames!
You die...

. # # #
.# # #.#
#. .*#
.. ..#".
#.##p#
#.♣#
##..#
#.##.
##.###.#
# ...
#.. .###
## #. .#
# #


You could see Dadi's ghost.

Vanquished Creatures
  A gargoyle (D:10)
  4 trolls
  2 trapdoor spiders
  2 deep elf magi
  10 yaks
  A wyvern (D:10)
  A wraith (D:10)
  A hill giant skeleton (D:8)
  2 hungry ghosts (D:10)
  3 hippogriffs
  6 ogres
  3 sky beasts
  6 orc warriors
  2 necrophages
  A phantom (D:8)
  A black bear (D:9)
  4 centaurs
  Duvessa (D:5)
  2 big kobolds (D:10)
  3 giant frogs
  A gnoll sergeant (D:9)
  Blork the orc (D:8)
  5 wights
  2 cyclops skeletons (D:9)
  5 scorpions
  13 killer bees
  3 jellies
  3 crimson imps
  3 goliath beetles
  4 hounds
  2 centaur skeletons
  2 orc priests
  A giant frog skeleton (D:9)
  2 iguanas
  5 orc wizards
  An orange rat (D:8)
  6 worker ants
  An ogre zombie (D:6)
  Ijyb (D:3)
  A brain worm zombie (D:8)
  A hound zombie (D:9)
  Terence (D:2)
  6 adders
  10 gnolls
  3 giant mites (D:5)
  5 green rats (D:8)
  A shadow imp (D:9)
  A goliath beetle zombie (D:9)
  3 worms
  An orc zombie (D:10)
  An adder skeleton (D:4)
  2 adder zombies
  An iguana zombie (D:9)
  7 giant eyeballs
  5 giant geckos
  2 oozes
  19 orcs
  13 bats
  8 giant cockroaches
  10 hobgoblins
  15 jackals
  4 quokkas
  A giant cockroach zombie (D:5)
  A giant gecko skeleton (D:6)
  3 giant newts
  A giant newt skeleton (D:4)
  12 goblins
  15 kobolds
  A kobold skeleton (D:6)
  2 orc skeletons
  A quokka skeleton (D:9)
  23 rats
  A rat skeleton (D:7)
  A rat zombie (D:6)
299 creatures vanquished.

Notes
Turn   | Place    | Note
--------------------------------------------------------------
     0 | D:1      | Indrah22, the Kobold Fire Elementalist, began the quest for the Orb.
     0 | D:1      | Reached XP level 1. HP: 10/10 MP: 3/3
   369 | D:1      | Reached XP level 2. HP: 15/15 MP: 2/4
   622 | D:1      | Learned a level 2 spell: Throw Flame
   990 | D:1      | Reached XP level 3. HP: 19/19 MP: 1/6
   995 | D:1      | Learned a level 3 spell: Conjure Flame
  1189 | D:1      | Reached skill level 4 in Fire Magic
  2051 | D:2      | Reached skill level 1 in Throwing
  2060 | D:2      | Reached XP level 4. HP: 8/24 MP: 0/7
  2527 | D:2      | Noticed Terence
  2780 | D:2      | Killed Terence
  2780 | D:2      | Reached skill level 1 in Short Blades
  3216 | D:3      | Noticed Ijyb
  3354 | D:3      | Killed Ijyb
  3471 | D:3      | Noticed Grinder
  3875 | D:4      | Reached XP level 5. HP: 25/28 MP: 9/9
  4343 | D:4      | Noticed an ogre
  4368 | D:4      | Killed an ogre
  4368 | D:4      | Reached skill level 5 in Short Blades
  4368 | D:4      | Reached XP level 6. HP: 32/32 MP: 4/10
  4373 | D:4      | Learned a level 3 spell: Inner Flame
  4921 | D:5      | Entered Level 5 of the Dungeon
  4930 | D:5      | Found a glowing golden altar of the Shining One.
  4945 | D:5      | Reached skill level 1 in Conjurations
  5058 | D:5      | Noticed a necrophage
  5070 | D:5      | Killed a necrophage
  5324 | D:5      | Reached XP level 7. HP: 36/36 MP: 9/12
  5328 | D:5      | Noticed Duvessa
  5328 | D:5      | Noticed Dowan
  5356 | D:5      | Killed Duvessa
  5393 | D:5      | HP: 1/36 [Dowan/wand of flame (8)]
  6119 | D:5      | Paralysed by a giant eyeball for 2 turns
  6410 | D:6      | Found a staircase to the Ecumenical Temple.
  6452 | Temple   | Entered the Ecumenical Temple
  6464 | Temple   | Became a worshipper of Sif Muna the Loreminder
  6492 | D:6      | Noticed an angel
  6511 | D:6      | Noticed a hippogriff
  6518 | D:6      | Killed a hippogriff
  6518 | D:6      | Reached skill level 5 in Stealth
  6740 | D:6      | Reached XP level 8. HP: 39/44 MP: 13/13
  7176 | D:6      | Noticed an iron devil
  7319 | D:6      | Reached skill level 5 in Fire Magic
  7425 | D:6      | Acquired Sif Muna's first power
  7610 | D:6      | Reached skill level 6 in Fire Magic
  7872 | D:7      | Found a snail-covered altar of Cheibriados.
  8008 | D:7      | Learned a level 4 spell: Sticky Flame
  8011 | D:7      | Learned a level 2 spell: Repel Missiles
  8133 | D:7      | Reached XP level 9. HP: 22/48 MP: 11/19
  8376 | D:7      | Reached skill level 7 in Fire Magic
  8730 | D:8      | Acquired Sif Muna's second power
  8730 | D:8      | Reached skill level 1 in Hexes
  9141 | D:8      | Noticed Blork the orc
  9147 | D:8      | Killed Blork the orc
  9147 | D:8      | Reached skill level 1 in Invocations
 10151 | D:9      | Reached skill level 8 in Short Blades
 10151 | D:9      | Reached XP level 10. HP: 45/56 MP: 15/20
 10155 | D:9      | Learned a level 2 spell: Shroud of Golubria
 10444 | D:9      | Reached skill level 1 in Charms
 10444 | D:9      | Reached skill level 1 in Translocations
 11257 | D:9      | Reached skill level 1 in Air Magic
 11978 | D:9      | Reached skill level 5 in Spellcasting
 12402 | D:9      | Noticed a troll
 12412 | D:9      | Killed a troll
 12913 | D:9      | Found a staircase to the Orcish Mines.
 13067 | D:9      | Noticed a troll
 13089 | D:9      | Killed a troll
 13271 | D:9      | Found a bloodstained altar of Trog.
 13272 | D:9      | Found an iron altar of Okawaru.
 13370 | D:9      | Acquired Sif Muna's third power
 13378 | D:9      | Reached XP level 11. HP: 45/61 MP: 12/26
 13470 | D:9      | Learned a level 3 spell: Regeneration
 13868 | D:10     | Entered Level 10 of the Dungeon
 14211 | D:10     | Learned a level 5 spell: Fireball
 14259 | D:10     | Reached skill level 5 in Charms
 15312 | D:10     | Found Giumoanu's Book Shop.
 15831 | D:11     | Reached skill level 9 in Fire Magic
 15855 | D:11     | Found a labyrinth entrance.
 15865 | Lab      | Entered a labyrinth
 15922 | Lab      | Noticed Dadi's ghost (powerful DECj)
 16107 | Lab      | HP: 4/91 [burnt (2)]
 16108 | Lab      | HP: 1/91 [burnt (3)]
 16109 | Lab      | Incinerated by Dadi's ghost

Action                   |  1- 3 |  4- 6 |  7- 9 | 10-12 || total
-------------------------+-------+-------+-------+-------++-------
Melee: Unarmed           |     3 |       |       |       ||     3
       Club              |    21 |       |       |       ||    21
       Short sword       |    21 |   112 |   240 |   445 ||   818
       Dagger            |       |       |       |     1 ||     1
Throw: Stone             |    24 |       |       |       ||    24
       Tomahawk          |     4 |    15 |     5 |    18 ||    42
       Dart              |     1 |    15 |     4 |    11 ||    31
 Cast: Flame Tongue      |    38 |    25 |    86 |    60 ||   209
       Throw Flame       |     6 |    10 |    32 |    87 ||   135
       Conjure Flame     |       |     7 |    14 |    19 ||    40
       Sticky Flame      |       |       |     4 |    24 ||    28
       Inner Flame       |       |       |     3 |     6 ||     9
       Shroud of Golubri |       |       |       |    17 ||    17
       Repel Missiles    |       |       |       |     4 ||     4
       Fireball          |       |       |       |     3 ||     3
Invok: Channel Energy    |       |       |       |    10 ||    10
Evoke: Wand              |       |       |    11 |       ||    11
  Use: Scroll            |     2 |     7 |     9 |     7 ||    25
       Potion            |       |     2 |       |    11 ||    13
 Stab: Sleeping          |     3 |     5 |    17 |     4 ||    29
       Distracted        |       |       |     1 |     1 ||     2
